 Dungeon Crawl Stone Soup version 0.20-a0-785-g17250f0 (webtiles) character file.

102328 nubinia the Eclecticist (level 15, -5/78 HPs)
             Began as a Deep Elf Earth Elementalist on Feb 25, 2017.
             Was a High Priest of Sif Muna.
             Killed from afar by Azrael (27 damage)
             ... with damnation
             ... on level 1 of the Snake Pit on Feb 27, 2017.
             The game lasted 03:29:19 (27953 turns).

nubinia the Eclecticist (DEEE)                     Turns: 27953, Time: 03:29:21

Health: -5/78      AC: 14    Str:  9    XL:     15   Next: 85%
Magic:  24/48      EV: 16    Int: 31    God:    Sif Muna [*****.]
Gold:   2144       SH:  6    Dex: 19    Spells: 0/50 levels left

rFire    . . .     SeeInvis +   a - +11 morningstar of the Butterfly {freeze, rPois Int+8 SInv}
rCold    + + .     Gourm    .   V - +0 robe {rN+}
rNeg     + . .     Faith    .   i - +2 buckler "Emnemeth" {Str+4}
rPois    +         Spirit   .   m - +1 helmet
rElec    .         Reflect  .   Y - +1 cloak
rCorr    .         Harm     .   l - +0 pair of gloves
MR       ++...                  r - +2 pair of boots {Fly}
Stlth    ++++......             f - amulet of magic regeneration
Regen    0.3/turn               H - ring of Wuali {rC+ AC+3}
MPRegen  0.5/turn               g - ring of magical power

@: flying, divine energy
A: cold resistance 1, magic resistance 1
a: Stop Divine Energy, Channel Magic, Forget Spell, Renounce Religion, Stop
Flying


You were on level 1 of the Snake Pit.
You worshipped Sif Muna.
Sif Muna was extremely pleased with you.
You were hungry.

You visited 5 branches of the dungeon, and saw 21 of its levels.
You also visited: Sewer and Bailey.

You collected 2573 gold pieces.
You spent 429 gold pieces at shops.

Inventory:

Hand Weapons
 a - the +11 morningstar of the Butterfly (weapon) {freeze, rPois Int+8 SInv}
   (You found it on level 6 of the Dungeon)

   It has been specially enchanted to freeze those struck by it, causing extra
   injury to most foes and up to half again as much damage against particularly
   susceptible opponents.
   It can also slow down cold-blooded creatures.
   It affects your intelligence (+8).
   It protects you from poison.
   It lets you see invisible.
 b - a +2 dagger of protection
 e - the cursed +3 morningstar of Firax {venom, Str+3 Stlth+, unknown}
   (You found it on level 6 of the Lair of Beasts)

   It poisons the flesh of those it strikes.
   It affects your strength (+3).
   It makes you more stealthy.
   It has a curse placed upon it.
 B - a +0 blowgun
Missiles
 v - 8 curare-tipped needles
 D - 53 poisoned needles
 Z - 495 stones (quivered)
Armour
 d - a +2 leather armour of fire resistance
 i - the +2 buckler "Emnemeth" (worn) {Str+4}
   (You acquired it on level 2 of the Orcish Mines)

   It affects your strength (+4).
 l - a +0 pair of gloves (worn)
 m - a +1 helmet (worn)
 r - a +2 pair of boots of flying (worn)
 V - a +0 robe of positive energy (worn)
 Y - a +1 cloak (worn)
Jewellery
 c - a +3 ring of dexterity
 f - an amulet of magic regeneration (around neck)
 g - a ring of magical power (left hand)
 j - an uncursed ring of protection from magic
 G - an uncursed ring of protection from cold
 H - the ring of Wuali (right hand) {rC+ AC+3}
   (You found it on level 6 of the Lair of Beasts)

   [ring of protection]

   It affects your AC (+3).
   It protects you from cold.
 R - an uncursed ring of positive energy
Wands
 o - a wand of scattershot (6/9)
 w - a wand of scattershot (4/9)
 x - a wand of acid (6/15)
 J - a wand of lightning (11/15)
 O - a wand of acid (3/15)
 X - a wand of digging (11/24)
Scrolls
 h - 2 scrolls of magic mapping
 k - a scroll of enchant armour
 y - 8 scrolls of teleportation
 K - 3 scrolls of fear
 T - a scroll of fog
 U - 4 scrolls of remove curse
Potions
 n - 4 potions of brilliance
 p - 9 potions of curing
 q - 4 potions of might
 t - a potion of heal wounds
 C - 2 potions of ambrosia
 F - 5 potions of magic
 I - a potion of cancellation
 M - 3 potions of resistance
 P - 2 potions of agility
Miscellaneous
 s - a lightning rod (4/4)
Comestibles
 N - 5 meat rations


   Skills:
 + Level 3.3 Fighting
 + Level 5.1 Short Blades
 - Level 0.7 Maces & Flails
 + Level 1.3 Throwing
 - Level 7.4 Armour
 + Level 5.8 Dodging
 + Level 8.1 Stealth
 * Level 18.4 Spellcasting
 * Level 10.6 Conjurations
 * Level 6.6 Charms
 + Level 8.2 Necromancy
 + Level 6.5 Transmutations
 * Level 14.7 Earth Magic
 + Level 3.0 Invocations
 + Level 0.4 Evocations


You couldn't memorise any spells.
You knew the following spells:

 Your Spells              Type           Power        Failure   Level  Hunger
a - Sandblast             Erth           ######       0%          1    None
b - Stone Arrow           Conj/Erth      ######       1%          3    None
c - Petrify               Tmut/Erth      #######.     1%          4    None
d - Bolt of Draining      Conj/Necr      ######....   1%          5    None
e - Magic Dart            Conj           ####         1%          1    None
f - Sticky Flame          Conj/Fire      ######..     2%          4    None
g - Iskenderun's Mystic   Conj           #######.     1%          4    None
i - Iskenderun's Battles  Conj/Chrm      ######..     1%          5    None
l - Lee's Rapid Deconstr  Erth           #######...   1%          5    None
p - Passwall              Tmut/Erth      #######...   1%          2    None
s - Swiftness             Chrm/Air       #####...     1%          2    None
A - Apportation           Tloc           ####..       2%          1    None
D - Animate Dead          Necr           N/A          1%          4    None
R - Regeneration          Chrm/Necr      ######....   1%          3    None
S - Animate Skeleton      Necr           N/A          1%          1    None
U - Dispel Undead         Necr           ######..     2%          5    None


Dungeon Overview and Level Annotations

Branches:
Dungeon (11/15)            Temple (1/1) D:5            Lair (6/6) D:11
 Shoals (0/4) Lair:3        Snake (1/4) Lair:4        Slime (0/5) Lair:5
    Orc (2/2) D:9             Elf (0/3) Orc:2

Altars:
Ashenzari
Dithmenos
Elyvilon
Fedhas
Gozag
Hepliaklqana
Kikubaaqudgha
Makhleb
Nemelex Xobeh
Okawaru
Qazlal
Ru
Sif Muna
Trog
Uskayaw
Vehumet
Wu Jian
Xom
Yredelemnul
The Shining One
Jiyva

Shops:
D:9 [   Orc:2 **![

Annotations:
Lair:4 Josephine
Snake:1 1 runed door, exclusion: naga ritualist, Azrael


Innate Abilities, Weirdness & Mutations

Your flesh is cold resistant. (rC+)
You are resistant to hostile enchantments. (MR+)


Message History

The orb of energy explodes!
Your battlesphere fires!
The barrage of energy hits Azrael.
Azrael is severely wounded.
Azrael gestures at you.
The sphere of damnation explodes!
The damnation engulfs you!
* * * LOW HITPOINT WARNING * * *
Casting: Iskenderun's Mystic Blast
Confirm with . or Enter, or press ? or * to list all spells.
Aiming: Iskenderun's Mystic Blast
Press: ? - help, Shift-Dir - straight line, f/p - Azrael
Aim: Azrael, wielding a scimitar of flaming (severely wounded)
The orb of energy hits Azrael.
Azrael is almost dead.
Your battlesphere fires!
The barrage of energy hits Azrael.
Azrael is almost dead.
Azrael gestures at you.
The sphere of damnation explodes!
The damnation engulfs you!
You die...

.## ##.## ##..........
..####..####.........# #.#
.......###..........## ..###
...###......###......## ##.#.. .
..## ##...### ##...#..###...... .
..# #..## ###)###.......#..#
..#####..#####....#.....####..##
...............>.*...§#.##.....##
................@...R##........§§
.....####..........####.......§§#
##...# ##.........# ##.......##
##..## #......#..## #....§...#
#...# #.###..##..###..#....##
...## ##.# ##.###...#§R#....§#
....### #.## #.# ###.).§..###§.#
..##..###.# #.# ##..#### #.§
..###..#..# #.## ##.# ##Z


You could see Azrael and a friendly battlesphere.

Vanquished Creatures
  A fire giant (Orc:1)
  A dire elephant (Lair:6)
  2 ettins (Orc:1)
  5 hydras
  2 naga warriors (Snake:1)
  Erica (Orc:1)
  7 two-headed ogres
  9 death yaks (Lair:6)
  A shock serpent (Snake:1)
  4 orc high priests (Orc:2)
  A titan zombie (Orc:1)
  A naga sharpshooter (Snake:1)
  An unseen horror (D:11)
  A naga ritualist (Snake:1)
  A harpy (Lair:6)
  A lindwurm (Lair:6)
  An ugly thing (D:11)
  4 orc sorcerers
  6 orc knights
  A stone giant zombie (Orc:1)
  A manticore (D:11)
  3 mana vipers (Snake:1)
  A salamander (Snake:1)
  Maurice (D:11)
  5 elephants (Lair:6)
  14 cyclopes (Orc:1)
  10 black mambas
  A molten gargoyle (Orc:1)
  3 naga magi
  A gargoyle (D:11)
  16 spiny frogs
  3 rime drakes
  4 komodo dragons
  2 merfolk (Lair:3)
  6 trolls
  5 polar bears
  4 blink frogs (Lair:2)
  A wind drake (Lair:6)
  3 hornets
  6 hippogriffs
  2 wraiths (Lair:4)
  5 basilisks
  2 fire elementals (Snake:1)
  35 yaks
  2 wyverns
  Grum (D:9)
  A hungry ghost (D:8)
  Menkaure (D:5)
  3 nagas (Snake:1)
  4 wargs
  The ghost of Sapher the Ruffian, an amateur GrTm (D:5)
  5 hell hounds (Snake:1)
  A soldier ant (D:11)
  15 porcupines
  12 water moccasins
  2 black bears
  26 orc warriors
  A phantom (D:9)
  2 ice beasts
  25 wolves
  9 ogres
  5 centaurs
  8 crocodiles
  10 bullfrogs
  4 big kobolds
  2 cyclops zombies (Orc:1)
  A wyvern skeleton (D:11)
  18 killer bees
  5 wights (D:10)
  4 howler monkeys
  3 crimson imps
  A lava snake (Orc:1)
  6 hounds
  A quasit (D:8)
  A bullfrog zombie (D:11)
  A centaur zombie (D:10)
  4 jellies
  A bullfrog skeleton (D:5)
  16 orc priests
  A centaur skeleton (D:6)
  6 iguanas
  Natasha (twice) (D:3)
  23 orc wizards
  4 worker ants
  2 hound skeletons (D:7)
  Robin (D:1)
  5 worker ant zombies
  A howler monkey skeleton (D:11)
  A howler monkey zombie (D:7)
  9 gnolls
  12 adders
  4 shadow imps
  An ooze (D:2)
  An adder skeleton (D:6)
  7 worms
  2 dart slugs
  11 leopard geckos
  59 orcs
  3 ball pythons
  6 giant cockroaches
  19 goblins
  12 hobgoblins
  19 jackals
  39 kobolds
  2 quokkas
  6 bats
  7 frilled lizards
  A jackal skeleton (D:5)
  8 rats
  5 fungi
  4 plants
670 creatures vanquished.

Vanquished Creatures (collateral kills)
  A merfolk avatar (Lair:6)
  A two-headed ogre (D:11)
  A death yak (Lair:6)
  A cyclops (Orc:1)
  A manticore (Lair:6)
  A torpor snail (Lair:3)
  A merfolk siren (Lair:3)
  2 black mambas
  2 spiny frogs (Lair:6)
  A rime drake (Lair:6)
  2 komodo dragons (Lair:6)
  A merfolk (Lair:3)
  A polar bear (Lair:6)
  5 hippogriffs
  2 wyverns (Lair:6)
  4 yaks
  A warg (Orc:1)
  4 water moccasins
  A hell hound (Snake:1)
  An ogre (Orc:1)
  4 crocodiles
  A bullfrog (Lair:3)
  An orc wizard (Orc:2)
  7 orcs
  2 kobolds (D:11)
  2 fungi (Lair:3)
  2 plants
53 creatures vanquished.

Vanquished Creatures (others)
  8 fungi
  24 plants
32 creatures vanquished.

Grand Total: 755 creatures vanquished

Notes
Turn   | Place    | Note
-------+----------+-------------------------------------------
     0 | D:1      | nubinia the Deep Elf Earth Elementalist began the quest for the Orb.
     0 | D:1      | Reached XP level 1. HP: 10/10 MP: 6/6
   237 | D:1      | Reached XP level 2. HP: 12/15 MP: 8/8
   241 | D:1      | Learned a level 2 spell: Passwall
   973 | D:1      | Gained mutation: You are resistant to hostile enchantments. (MR+) [potion of mutation]
   973 | D:1      | Gained mutation: Your flesh is cold resistant. (rC+) [potion of mutation]
  1421 | D:1      | Reached XP level 3. HP: 19/19 MP: 9/9
  1427 | D:2      | Noticed Robin
  1516 | D:1      | Reached skill level 1 in Short Blades
  1745 | D:1      | Killed Robin
  2011 | D:2      | Reached XP level 4. HP: 18/24 MP: 8/11
  2016 | D:2      | Learned a level 3 spell: Stone Arrow
  2105 | D:2      | Found a shadowy altar of Dithmenos.
  2105 | D:2      | Found an ornate altar of the Wu Jian Council.
  2631 | D:2      | Reached skill level 4 in Spellcasting
  2730 | D:2      | You fall through a shaft for 2 floors!
  2816 | D:3      | Noticed Natasha
  2824 | D:3      | Killed Natasha
  2824 | D:3      | Reached skill level 1 in Fighting
  3305 | D:3      | Reached XP level 5. HP: 29/29 MP: 8/13
  3414 | D:3      | Found a hazy altar of Hepliaklqana.
  3461 | D:3      | Found a bloodstained altar of Trog.
  3788 | D:3      | Noticed Natasha
  3805 | D:3      | Killed Natasha
  4139 | D:4      | Reached XP level 6. HP: 27/34 MP: 14/14
  4319 | D:4      | Reached skill level 5 in Spellcasting
  4447 | D:4      | Reached XP level 7. HP: 39/39 MP: 17/17
  4575 | D:4      | Found an opulent altar of Gozag.
  4591 | D:4      | Reached skill level 5 in Earth Magic
  4805 | D:4      | Reached skill level 6 in Spellcasting
  5350 | D:5      | Entered Level 5 of the Dungeon
  5518 | D:5      | Reached skill level 1 in Conjurations
  5523 | D:5      | Noticed Sapher's ghost (amateur GrTm)
  5589 | D:5      | Killed Sapher's ghost
  5589 | D:5      | Reached skill level 7 in Spellcasting
  5589 | D:5      | Reached XP level 8. HP: 43/44 MP: 15/20
  5746 | D:5      | Noticed Menkaure
  5750 | D:5      | Killed Menkaure
  5801 | D:5      | Found a staircase to the Ecumenical Temple.
  5812 | Temple   | Entered the Ecumenical Temple
  5898 | Temple   | Became a worshipper of Sif Muna the Loreminder
  6274 | D:5      | Reached skill level 8 in Spellcasting
  6692 | D:5      | Found an iron altar of Okawaru.
  6839 | D:6      | Found a burning altar of Makhleb.
  6907 | D:6      | Found a glowing drain.
  6939 | Sewer    | Entered a sewer
  7847 | Sewer    | Reached * piety under Sif Muna
  8360 | D:6      | Reached skill level 5 in Stealth
  8743 | D:6      | Reached skill level 9 in Spellcasting
  8999 | D:6      | Got a brightly glowing morningstar
  9125 | D:7      | Reached XP level 9. HP: 48/48 MP: 24/24
  9267 | D:7      | Learned a level 4 spell: Petrify
  9273 | D:7      | Learned a level 5 spell: Lee's Rapid Deconstruction
  9310 | D:7      | Noticed a two-headed ogre
  9318 | D:7      | Killed a two-headed ogre
  9570 | D:7      | Reached ** piety under Sif Muna
  9697 | D:7      | Found a shimmering altar of Xom.
  9886 | D:8      | Reached skill level 10 in Spellcasting
 10089 | D:8      | Noticed a two-headed ogre
 10095 | D:8      | Killed a two-headed ogre
 10219 | D:8      | Identified the +11 morningstar of the Butterfly {freeze, rPois Int+8 SInv} (You found it on level 6 of the Dungeon)
 10279 | D:8      | Reached XP level 10. HP: 54/54 MP: 26/26
 10813 | D:9      | Noticed Grum
 10826 | D:9      | Reached *** piety under Sif Muna
 10830 | D:9      | Killed Grum
 10944 | D:9      | Reached skill level 11 in Spellcasting
 10944 | D:9      | Reached skill level 5 in Transmutations
 11157 | D:9      | Reached skill level 5 in Conjurations
 11177 | D:9      | Found Ibriogak's Armour Emporium.
 11179 | D:9      | Found a staircase to the Orcish Mines.
 11500 | D:9      | Noticed a two-headed ogre
 11508 | D:9      | Killed a two-headed ogre
 12013 | D:10     | Entered Level 10 of the Dungeon
 12043 | D:10     | Reached **** piety under Sif Muna
 12067 | D:10     | Found a flagged portal.
 12089 | Bailey   | Entered a bailey
 12176 | Bailey   | Noticed an orc knight
 12178 | Bailey   | Reached skill level 10 in Earth Magic
 12186 | Bailey   | Reached skill level 12 in Spellcasting
 12188 | Bailey   | Noticed an orc knight
 12196 | Bailey   | an orc knight changed into a jumping spider
 12399 | D:10     | Reached XP level 11. HP: 59/59 MP: 18/29
 12868 | D:10     | Learned a level 1 spell: Animate Skeleton
 12872 | D:10     | Learned a level 3 spell: Vampiric Draining
 13372 | D:11     | Reached skill level 1 in Necromancy
 13373 | D:11     | Reached skill level 13 in Spellcasting
 13424 | D:11     | Reached skill level 5 in Short Blades
 13476 | D:11     | Noticed Maurice
 13487 | D:11     | Killed Maurice
 13487 | D:11     | Reached ***** piety under Sif Muna
 13639 | D:11     | Identified Sif Muna's Catalogue of Battle Magic (Sif Muna gifted it to you on level 11 of the Dungeon)
 13639 | D:11     | Received a gift from Sif Muna
 13778 | D:11     | Noticed a two-headed ogre
 13791 | D:11     | Killed a two-headed ogre
 13800 | D:11     | Found a staircase to the Lair.
 13911 | D:11     | Noticed a green ugly thing
 13919 | D:11     | Killed a green ugly thing
 13993 | D:11     | Noticed an unseen horror
 13997 | D:11     | Killed an unseen horror
 14089 | D:11     | Reached skill level 14 in Spellcasting
 14650 | Lair:1   | Entered Level 1 of the Lair of Beasts
 14650 | Lair:1   | Noticed a four-headed hydra
 14660 | Lair:1   | Killed a four-headed hydra
 14660 | Lair:1   | Reached XP level 12. HP: 25/64 MP: 26/32
 16400 | Lair:2   | Received a gift from Sif Muna
 16406 | Lair:2   | Learned a level 4 spell: Sticky Flame
 16411 | Lair:2   | Learned a level 3 spell: Regeneration
 16418 | Lair:2   | Learned a level 4 spell: Animate Dead
 16502 | Lair:2   | Reached skill level 15 in Spellcasting
 17053 | Lair:3   | Got an ancient robe
 17054 | Lair:3   | Identified the cursed +1 robe of Polish {Regen+ Str-3 Slay+5} (You found it on level 3 of the Lair of Beasts)
 17174 | Lair:3   | Reached skill level 5 in Necromancy
 17187 | Lair:3   | Found a staircase to the Shoals.
 17248 | Lair:3   | Noticed an eight-headed hydra
 17264 | Lair:3   | Killed an eight-headed hydra
 18200 | Lair:4   | Noticed a six-headed hydra
 18229 | Lair:4   | Killed a six-headed hydra
 18229 | Lair:4   | Reached XP level 13. HP: 68/68 MP: 24/34
 18562 | Lair:4   | Found a staircase to the Snake Pit.
 18782 | Lair:5   | Received a gift from Sif Muna
 18782 | Lair:5   | Reached skill level 5 in Dodging
 18782 | Lair:5   | Reached skill level 16 in Spellcasting
 18782 | Lair:5   | Reached XP level 14. HP: 74/74 MP: 32/36
 18787 | Lair:5   | Learned a level 2 spell: Swiftness
 19096 | Lair:5   | Found a viscous altar of Jiyva.
 19097 | Lair:5   | Found a staircase to the Slime Pits.
 19422 | Lair:6   | Entered Level 6 of the Lair of Beasts
 19698 | Lair:6   | Learned a level 1 spell: Apportation
 20545 | Lair:6   | Reached skill level 17 in Spellcasting
 20628 | Lair:6   | Got a scorched wooden ring
 20629 | Lair:6   | Identified the ring of Wuali {rC+ AC+3} (You found it on level 6 of the Lair of Beasts)
 20643 | Lair:6   | Learned a level 5 spell: Bolt of Draining
 20820 | Lair:5   | Learned a level 5 spell: Dispel Undead
 21251 | Lair:6   | Identified Sif Muna's Guide on Conjuration and the Rocks (Sif Muna gifted it to you on level 6 of the Lair of Beasts)
 21251 | Lair:6   | Received a gift from Sif Muna
 21258 | Lair:6   | Learned a level 4 spell: Iskenderun's Mystic Blast
 21458 | Lair:6   | Reached skill level 1 in Throwing
 21458 | Lair:6   | Reached skill level 5 in Charms
 21496 | Lair:6   | Reached skill level 10 in Conjurations
 22000 | Lair:6   | Identified the cursed +0 pair of gloves "Fisih" {-Tele rC+ Regen+ Str+8 Int-2} (You found it on level 6 of the Lair of Beasts)
 22064 | Lair:6   | Got a faintly glowing morningstar
 22244 | Lair:4   | Noticed Josephine
 22626 | Orc:1    | Entered Level 1 of the Orcish Mines
 22633 | Orc:1    | Reached skill level 1 in Armour
 22702 | Orc:1    | Reached XP level 15. HP: 78/78 MP: 28/38
 22804 | Orc:1    | Noticed Erica
 22850 | Orc:1    | Killed Erica
 23710 | Orc:1    | Reached skill level 5 in Armour
 24374 | Orc:1    | Noticed a fire giant
 24380 | Orc:1    | Killed a fire giant
 24588 | Orc:1    | Upgraded the game from 0.20-a0-754-g13ddd6e to 0.20-a0-785-g17250f0
 24691 | Orc:2    | Entered Level 2 of the Orcish Mines
 24827 | Orc:2    | Found a staircase to the Elven Halls.
 26306 | Orc:2    | Found Kuysatu's Assorted Antiques.
 26306 | Orc:2    | Found Tofiff's Armour Shoppe.
 26313 | Orc:2    | Found Ateust's Distillery.
 26313 | Orc:2    | Found Ziothrur's Assorted Antiques.
 26329 | Orc:2    | Bought a +0 pair of boots of flying for 138 gold pieces
 26461 | Orc:1    | Reached skill level 18 in Spellcasting
 26535 | Orc:2    | Bought a glowing leather armour for 105 gold pieces
 26570 | Orc:2    | Bought a scroll labeled NENKUAKKEN for 31 gold pieces
 26570 | Orc:2    | Bought a fizzy blue potion for 27 gold pieces
 26570 | Orc:2    | Bought a runed robe for 114 gold pieces
 26581 | Orc:2    | Got a translucent buckler
 26587 | Orc:2    | Identified the +2 buckler "Emnemeth" {Str+4} (You acquired it on level 2 of the Orcish Mines)
 26590 | Orc:2    | Bought a potion of degeneration for 14 gold pieces
 26810 | Lair:4   | Learned a level 5 spell: Iskenderun's Battlesphere
 26812 | Lair:4   | Learned a level 1 spell: Magic Dart
 26815 | Snake:1  | Entered Level 1 of the Snake Pit
 26970 | Snake:1  | Identified Sif Muna's Reference Book on Shifting Stones (Sif Muna gifted it to you on level 1 of the Snake Pit)
 26970 | Snake:1  | Received a gift from Sif Muna
 27076 | Snake:1  | Found a runed door.
 27422 | Snake:1  | Noticed Azrael
 27472 | Snake:1  | HP: 3/78 [black mamba (12)]
 27953 | Snake:1  | Killed from afar by Azrael

Vault maps used:
D:1:      lightli_arrival_windingriver
D:2:      gammafunk_temple_overflow_pools, wad_floor_pattern_1, uniq_robin
D:3:      lemuel_doored_altar, lemuel_crystal_altar, st_stairs_10, uniq_natasha
D:4:      first_bread, grunt_gozag_statues
D:5:      okawaru_altar_gauntlet_db, minmay_temple_entry_enclosed_plants,
          uniq_menkaure
D:6:      nicolae_overflow_hidden_temple, gup_sewer_entry_pipe
D:7:      kennysheep_six_static_rooms, xom_teletrap_fun
D:9:      orc_david_3, uniq_grum, uniq_joseph
D:10:     enter_bailey_2
D:11:     minmay_lair_entry_grove, uniq_maurice
Temple:   eino_temple_scatter_basement
Lair:1:   beast_lair_carwin_11, infiniplex_staircase_pool, grunt_megastairs_2
Lair:2:   grunt_megastairs_1
Lair:3:   elwin_shoals_entry_stream
Lair:4:   dummy_snake_entry, uniq_josephine
Lair:5:   slime_altar_1
Lair:6:   gammafunk_lair_ancient_temple
Snake:1:  cheibrodos_toxic_ritual, uniq_azrael
Orc:1:    giant_chief_lemuel, uniq_erica
Orc:2:    grunt_orc_tribal_feast
Sewer:    sewer_co_scattered_pipes
Bailey:   bailey_polearm_4, bailey

Skill      XL: |  1  2  3  4  5  6  7  8  9 10 11 12 13 14 15 |
---------------+----------------------------------------------+-----
Earth Magic    | 4 5 7 8 10 11 12 13 14 | 14.7
Short Blades   | 1 2 3 4 5 |  5.1
Stealth        | 3 4 5 6 7 8 |  8.1
Spellcasting   | 4 5 7 9 10 12 14 15 16 17 18 | 18.4
Fighting       | 1 2 3 |  3.3
Dodging        | 3 4 5 |  5.8
Conjurations   | 1 2 4 5 7 8 9 10 | 10.6
Transmutations | 2 4 5 6 |  6.5
Necromancy     | 3 5 7 8 |  8.2
Charms         | 2 5 6 |  6.6
Invocations    | 2 3 |  3.0
Throwing       | 1 |  1.3
Armour         | 2 7 |  7.4
Maces & Flails | |  0.7
Evocations     | |  0.4

Action                   |  1- 3 |  4- 6 |  7- 9 | 10-12 | 13-15 || total
-------------------------+-------+-------+-------+-------+-------++-------
Melee: Short sword       |    95 |   142 |   298 |       |       ||   535
       Morningstar       |       |       |       |    41 |     3 ||    44
       Dagger            |       |       |       |    87 |   318 ||   405
 Fire: Blowgun           |       |       |       |     7 |    43 ||    50
 Cast: Sandblast         |    21 |    30 |    63 |    63 |    27 ||   204
       Stone Arrow       |       |     8 |    88 |   165 |   124 ||   385
       Petrify           |       |       |       |    46 |    90 ||   136
       Lee's Rapid Decon |       |       |       |    58 |   130 ||   188
       Animate Skeleton  |       |       |       |    29 |    18 ||    47
       Passwall          |       |       |       |     1 |     5 ||     6
       Animate Dead      |       |       |       |    14 |    60 ||    74
       Regeneration      |       |       |       |     1 |     6 ||     7
       Bolt of Draining  |       |       |       |       |    83 ||    83
       Swiftness         |       |       |       |       |    14 ||    14
       Sticky Flame      |       |       |       |       |     4 ||     4
       Magic Dart        |       |       |       |       |    16 ||    16
       Dispel Undead     |       |       |       |       |    13 ||    13
       Iskenderun's Batt |       |       |       |       |    10 ||    10
       Iskenderun's Myst |       |       |       |       |     6 ||     6
Invok: Divine Energy     |       |       |     1 |       |       ||     1
Evoke: Wand              |       |       |       |     3 |     1 ||     4
       Lightning rod     |       |       |       |       |     8 ||     8
  Use: Scroll            |     2 |     3 |    15 |     9 |     9 ||    38
       Potion            |     1 |       |     3 |     2 |    10 ||    16
 Stab: Sleeping          |     3 |     8 |     5 |     9 |     7 ||    32
       Petrified         |       |       |       |    34 |    46 ||    80
       Petrifying        |       |       |       |     2 |    14 ||    16
       Distracted        |       |       |       |     1 |     6 ||     7
  Eat: Chunk             |     3 |     9 |    18 |    21 |    25 ||    76
       Royal jelly       |       |       |       |     2 |     1 ||     3
       Fruit             |       |       |       |     1 |       ||     1
       Meat ration       |       |       |       |       |     1 ||     1
Armor: Robe              |    21 |    27 |    42 |    37 |    52 ||   179
       Ring mail         |       |       |       |       |    82 ||    82
Dodge: Dodged            |    64 |    80 |   119 |   133 |   220 ||   616
Block: Buckler           |       |       |       |       |     4 ||     4
